 Dungeon Crawl Stone Soup version 0.19-a0-1886-gd64a0f0 (webtiles) character file.

137 TheGoonsmith the Firebug (level 5, 0/28 HPs)
             Began as a Gargoyle Fire Elementalist on Oct 16, 2016.
             Was an Initiate of Sif Muna.
             Killed from afar by an orc wizard (14 damage)
             ... with a puff of frost
             ... on level 3 of the Dungeon.
             The game lasted 00:04:47 (3062 turns).

TheGoonsmith the Firebug (GrFE)                     Turns: 3062, Time: 00:04:48

Health: 0/28       AC:  7    Str: 11    XL:     5   Next: 20%
Magic:  3/9        EV: 12    Int: 17    God:    Sif Muna [......]
Gold:   127        SH:  0    Dex: 10    Spells: 1 memorised, 9 levels left

rFire  . . .     SeeInvis .     t - +5 hand axe (chop)
rCold  . . .     Gourm    .     a - +1 robe
rNeg   + . .     Faith    .     (no shield)
rPois  ∞         Spirit   .     (no helmet)
rElec  +         Dismiss  .     (no cloak)
rCorr  .         Reflect  .     (no gloves)
MR     .....     Harm     .     (no boots)
Stlth  ++........               (no amulet)
                                (no ring)
                                (no ring)

@: no status effects
A: negative energy resistance 1, electricity resistance, unbreathing,
petrification resistance, rot immunity, AC +4
a: Renounce Religion


You were on level 3 of the Dungeon.
You worshipped Sif Muna.
Sif Muna was noncommittal.
You were not hungry.

You visited 1 branch of the dungeon, and saw 4 of its levels.

You collected 127 gold pieces.

Inventory:

Hand Weapons
 h - a +0 dagger
 k - a +0 mace
 t - a +5 hand axe of chopping (weapon)
Armour
 a - a +1 robe (worn)
 p - a +0 buckler
Wands
 s - a wand of iceblast (13/15)
Scrolls
 d - a scroll of teleportation
 e - a scroll of random uselessness
 g - 2 scrolls of remove curse
 i - 2 scrolls of fear
 u - 2 scrolls of magic mapping
Potions
 j - a potion of flight
 n - a potion of degeneration {unknown}
 o - a potion of invisibility {unknown}
 q - a potion of lignification {unknown}
Books
 b - a book of Flames

   Spells                             Type                      Level
   a - Flame Tongue                   Conjuration/Fire             1
   b - Throw Flame                    Conjuration/Fire             2
   c - Conjure Flame                  Conjuration/Fire             3
   d - Inner Flame                    Hexes/Fire                   3
   e - Sticky Flame                   Conjuration/Fire             4
   f - Fireball                       Conjuration/Fire             5
Comestibles
 c - a bread ration
 f - a beef jerky
 l - 4 meat rations
 v - 2 chunks of flesh


   Skills:
 - Level 1.5 Dodging
 - Level 2.1 Stealth
 + Level 3.0 Spellcasting
 * Level 3.5 Conjurations
 + Level 4.0 Fire Magic


You had 9 spell levels left.
You knew the following spells:

 Your Spells              Type           Power        Failure   Level  Hunger
a - Flame Tongue          Conj/Fire      ###..        3%          1    None


Dungeon Overview and Level Annotations

Branches:
Dungeon (4/15)
 Temple: D:4-7

Altars:
Ashenzari
Elyvilon
Nemelex Xobeh
Sif Muna


Innate Abilities, Weirdness & Mutations

You are resistant to torment.
Your stone body is resilient. (AC +4)
You are immune to poison.
You resist negative energy. (rN+)
You are resistant to electric shocks. (rElec)
You can survive without breathing.
You are immune to petrification.
You are immune to rotting.


Message History

There is a stone staircase leading down here.
Casting: Flame Tongue
Confirm with . or Enter, or press ? or * to list all spells.
Aiming: Flame Tongue
Press: ? - help, Shift-Dir - straight line, f - orc wizard
Aim: an orc wizard, wielding a dagger and wearing a robe (almost dead, fast)
The flame tongue hits the orc wizard.
The orc wizard appears unharmed.
The orc wizard is almost dead.
The orc wizard casts a spell.
The orc wizard flickers and vanishes!
Deactivating autopickup; reactivate with Ctrl-A.
You hear some strange, mumbled words.
A puff of frost appears from out of thin air!
The puff of frost hits you!
You barely miss something. Something hits you but does no damage.
You hear some strange, mumbled words.
A puff of frost appears from out of thin air!
The puff of frost hits you!
Ouch! That really hurt!
You die...

.#### #.# #.#...#.# .# #.#
#.#...#.# .########
#.#######.......# ###.....#
#.......####.####
........########.......###...####
###..............####.###...###.#
#.....########.##...#≈≈...≈≈#.#
#.....# #.##.#.#≈..♣..r#..
####### #@.[.............#
#.{......♣._.♣...#
#................#
#.##.###≈r.♣..≈#.# #.##.#
#≈≈...≈≈### #.##.#####...### #
#.##.##.##.....# #
#.##.##.##.....# #
#.......##.....#


There were no monsters in sight!

Vanquished Creatures
  Terence (D:2)
  An orc wizard (D:3)
  3 adders
  An ooze (D:2)
  2 dart slugs
  2 leopard geckos
  2 orcs (D:3)
  4 giant cockroaches
  4 goblins
  7 hobgoblins
  4 jackals (D:3)
  8 kobolds
  A quokka (D:2)
  A ball python (D:2)
  2 bats (D:2)
  2 frilled lizards (D:1)
  A quokka zombie (D:3)
  2 rats
48 creatures vanquished.

Vanquished Creatures (others)
  A rat (D:3)
1 creature vanquished.

Grand Total: 49 creatures vanquished

Notes
Turn   | Place    | Note
-------+----------+-------------------------------------------
     0 | D:1      | TheGoonsmith the Gargoyle Fire Elementalist began the quest for the Orb.
     0 | D:1      | Reached XP level 1. HP: 10/10 MP: 3/3
   234 | D:1      | Reached XP level 2. HP: 15/15 MP: 1/5
  1019 | D:2      | Reached XP level 3. HP: 14/19 MP: 0/6
  1131 | D:2      | Noticed Terence
  1532 | D:3      | Found a white marble altar of Elyvilon.
  1664 | D:3      | Reached XP level 4. HP: 24/24 MP: 1/8
  2054 | D:3      | Found a deep blue altar of Sif Muna.
  2062 | D:3      | Became a worshipper of Sif Muna the Loreminder
  2200 | D:2      | Killed Terence
  2484 | D:2      | Reached XP level 5. HP: 28/28 MP: 7/9
  2740 | D:2      | Found a faded altar of an unknown god.
  2740 | D:2      | Found a faded altar of an unknown god.
  2748 | D:2      | Found a faded altar of an unknown god.
  2751 | D:2      | Found a shattered altar of Ashenzari.
  2753 | D:2      | Found a sparkling altar of Nemelex Xobeh.
  2923 | D:3      | Reached skill level 4 in Fire Magic
  3062 | D:3      | Killed from afar by an orc wizard

Vault maps used:
D:1:      minmay_arrival_open_corners
D:2:      chequers_temple_overflow_minitemple, minmay_misc_feat_enclosed,
          grunt_ministairs_3, uniq_terence
D:3:      tgw_sif, elyvilon_altar_4
D:4:      nemelex_xobeh_ov_fountains_minmay

Skill      XL: |  1  2  3  4  5 |
---------------+----------------+-----
Conjurations   | 2 3 |  3.5
Fire Magic     | 4 |  4.0
Spellcasting   | 3 |  3.0
Dodging        | |  1.5
Stealth        | |  2.1

Action                   |  1- 3 |  4- 6 || total
-------------------------+-------+-------++-------
Melee: Dagger            |    33 |       ||    33
       Mace              |     5 |       ||     5
       Hand axe          |       |     1 ||     1
 Cast: Flame Tongue      |    66 |    38 ||   104
  Use: Potion            |     2 |     1 ||     3
       Scroll            |       |     7 ||     7
  Eat: Chunk             |     3 |     5 ||     8
Armor: Robe              |    22 |    10 ||    32
Dodge: Dodged            |    42 |     7 ||    49
